 Dungeon Sprint DCSS version 0.23-a0-650-ga4d50d4 (webtiles) character file.

38 Leeroy the Charlatan (level 3, -7/24 HPs)
             Began as a Barachi Ice Elementalist on Jan 4, 2019.
             Was an Initiate of Qazlal.
             Killed from afar by a hell hound (22 damage)
             ... with a blast of flame
             ... in the Dungeon (Sprint V: "Ziggurat Sprint").
             The game lasted 00:03:12 (125 turns).

Leeroy the Charlatan (Barachi Ice Elementalist)      Turns: 125, Time: 00:03:12

Health: -7/24      AC: 25    Str:  9    XL:     3   Next: 43%
Magic:  7/7        EV: -6    Int: 16    God:    Qazlal [......]
Gold:   0          SH: 25    Dex: 12    Spells: 5/6 levels left

rFire    . . .     SeeInvis .   K - +5 demon blade
rCold    . . .     Gourm    .   L - +18 shield of the Gong {rElec rN+ MR+ EV-5}
rNeg     + . .     Faith    .   l - +15 Maxwell's patent armour {-Cast -Tele rElec MR+ rCorr}
rPois    .         Spirit   .   (no helmet)
rElec    +         Reflect  .   (no cloak)
rCorr    +         Harm     .   (no gloves)
MR       ++...     NoTele   +   (no boots) Stlth ..........NoCast +
                                (no amulet)
HPRegen  0.08/turn              (no ring)
MPRegen  0.10/turn              (no ring)

@: slow
A: +LOS, swims, slowness 1, strong legs 1
a: Hop, Renounce Religion


You were in the Dungeon.
You worshipped Qazlal.
Qazlal was noncommittal.
You were not hungry.

You visited 1 branch

Inventory:

Hand Weapons
 H - the +7 Singing Sword {slice, sonic wave}
   (You found it in the Dungeon)

   It inflicts extra damage upon your enemies.
 I - the +11 plutonium sword {*Contam Stlth-}
   (You found it in the Dungeon)

   It causes magical contamination when unequipped.
   It makes you less stealthy.
 J - the +9 sword of Zonguldrok {reap}
   (You found it in the Dungeon)

   If a monster killed with it leaves a corpse in good enough shape, the corpse
   will be animated as a zombie friendly to the killer.
 K - a +5 demon blade (weapon)
 O - a +5 triple sword
Armour
 a - a +0 robe
 l - the +15 Maxwell's patent armour (worn) {-Cast -Tele rElec MR+ rCorr}
   (You found it in the Dungeon)

   It insulates you from electricity.
   It affects your resistance to hostile enchantments.
   It prevents spellcasting.
   It prevents most forms of teleportation.
   It provides partial protection from all sources of acid and corrosion.
 L - the +18 shield of the Gong (worn) {rElec rN+ MR+ EV-5}
   (You found it in the Dungeon)

   It affects your evasion (-5).
   It insulates you from electricity.
   It protects you from negative energy.
   It affects your resistance to hostile enchantments.
 M - +5 fire dragon scales
 N - +5 ice dragon scales
Magical Staves
 A - an uncursed staff of energy
Jewellery
 u - a +6 ring of dexterity
 v - a +6 ring of dexterity
 w - a +6 ring of intelligence
 x - a +6 ring of intelligence
 y - a +6 ring of strength
 z - a +6 ring of strength
 C - an uncursed ring of flight
Wands
 D - a wand of disintegration (7)
 E - a wand of iceblast (7)
 F - a wand of acid (7)
Scrolls
 i - 4 scrolls of blinking
 o - 4 scrolls of amnesia
 p - 7 scrolls of fog
 q - a scroll of holy word
 r - 5 scrolls of identify
 s - 5 scrolls of remove curse
 t - 2 scrolls of fear
Potions
 b - 2 potions of brilliance
 d - 10 potions of curing
 e - 10 potions of heal wounds
 f - 6 potions of haste
 g - 7 potions of magic
 h - 3 potions of berserk rage
 j - 2 potions of invisibility
 k - 4 potions of resistance
 m - 5 potions of agility
 n - 5 potions of might
Miscellaneous
 B - a crystal ball of energy
 G - a lightning rod (2/4)
Comestibles
 c - 7 rations


   Skills:
 * Level 6.4 Long Blades
 - Level 2.1 Dodging
 - Level 1.7 Stealth
 - Level 2.4 Shields
 - Level 2.1 Spellcasting
   Level 1.1 Conjurations
 - Level 3.6 Ice Magic
 - Level 6.4 Evocations


You had 5 spell levels left.
You knew the following spells:

 Your Spells              Type           Power        Failure   Level  Hunger
a - Freeze                Ice            ##..         100%        1    #......

Your spell library contained the following spells:

 Spells                   Type           Power        Failure   Level  Hunger
 Throw Frost              Conj/Ice       #.....       100%        2    ###....
 Ozocubu's Armour         Chrm/Ice       #.......     100%        3    ###....
 Summon Ice Beast         Ice/Summ       #.......     100%        4    #####..
 Throw Icicle             Conj/Ice       #.......     100%        4    #####..


Dungeon Overview and Level Annotations

Branches:
Dungeon (1/1)

Altars:
Ashenzari
Cheibriados
Dithmenos
Elyvilon
Fedhas
Gozag
Hepliaklqana
Kikubaaqudgha
Makhleb
Nemelex Xobeh
Okawaru
Qazlal
Ru
Sif Muna
Trog
Uskayaw
Vehumet
Wu Jian
Xom
Yredelemnul
Zin
The Shining One
Beogh
Jiyva
Lugonu

Annotations:
D 1 transporter


Innate Abilities, Weirdness & Mutations

Shadows flee at your approach. (+LOS)
You can swim through water.
You cover ground slowly.
You can hop short distances.


Message History

You block the hell hound's attack.
SHROANNG!
Unknown command.
Evoke which item? (* to show all) (? for menu, Esc to quit)
Aiming: Thunderbolt
Press: ? - help, Shift-Dir - straight line, f - hell hound
Aim: a hell hound The thunderbolt hits the hell hound.
The hell hound is severely wounded.
You block the hell hound's attack.
PTOANNNG!
Unknown command.
You closely miss the hell hound.
The hell hound is severely wounded.
You block the hell hound's attack.
GONNNNG!
The hell hound breathes flames at you. The blast of flame hits you!
Ouch! That really hurt!
You die...

▓▓▓▓▓▓▓
▓.8©8.▓
▓.....▓
▓.).).▓
▓.....▓
▓..h..▓
▓..@..▓
▓▓▓▓▓▓▓


You could see a hell hound.

Vanquished Creatures
  A quasit (D)
1 creature vanquished.

Notes
Turn   | Place    | Note
-------+----------+-------------------------------------------
     0 | D        | Found the +6 Majin-Bo {vamp, Archmagi MP+6 Int+6}
     0 | D        | Found the +7 great mace "Firestarter" {inner flame, rF++}
     0 | D        | Leeroy the Barachi Ice Elementalist began the quest for the
                  | Orb.
     0 | D        | Reached XP level 1. HP: 13/13 MP: 3/3
     0 | D        | Found a transporter.
     0 | D        | Found an ancient bone altar of Kikubaaqudgha.
     0 | D        | Found a viscous altar of Jiyva.
     0 | D        | Found a corrupted altar of Lugonu.
     0 | D        | Found a hazy altar of Hepliaklqana.
     0 | D        | Found a burning altar of Makhleb.
     0 | D        | Found an opulent altar of Gozag.
    46 | D        | Became a worshipper of Qazlal Stormbringer
    50 | D        | Found the +6 shillelagh "Devastator" {shatter}
    50 | D        | Found the +11 plutonium sword {*Contam Stlth-}
    50 | D        | Found the +8 lance "Wyrmbane" {slay drac, rPois rF+ rC+
                  | AC+3}
    50 | D        | Found the +9 sword of Zonguldrok {reap}
    50 | D        | Found the cursed +13 scythe of Curses {drain, *Curse}
    50 | D        | Found the +0 sword of Power
    50 | D        | Found the +7 mace of Variability {chain chaos}
    50 | D        | Found the +7 Singing Sword {slice, sonic wave}
    50 | D        | Found the +7 longbow "Piercer" {penet, EV-2}
    52 | D        | Found the +9 heavy crossbow "Sniper" {velocity, Acc+∞ SInv}
    52 | D        | Found the +10 dark maul {crush}
    52 | D        | Found the +15 Maxwell's patent armour {-Cast -Tele rElec
                  | MR+ rCorr}
    52 | D        | Found the +18 shield of the Gong {rElec rN+ MR+ EV-5}
    52 | D        | Found the cursed +14 obsidian axe {chop, +Fly SInv *Curse}
    64 | D        | Reached XP level 2. HP: 19/19 MP: 4/6
   115 | D        | Entered arena 2.
   115 | D        | Noticed a hell hound
   115 | D        | Found a transporter.
   123 | D        | Reached XP level 3. HP: 15/24 MP: 7/7
   125 | D        | Killed from afar by a hell hound

Vault maps used:
D:        sprint_v

Skill      XL: |  1  2 |
---------------+-------+-----
Long Blades    | 4 6 |  6.4
Evocations     | 6 |  6.4
Shields        | 2 |  2.4
Dodging        | |  2.1
Stealth        | |  1.7
Spellcasting   | |  2.1
Conjurations   | |  1.1
Ice Magic      | |  3.6

Action                   || total
-------------------------++-------
Melee: Demon blade       ||     7
Evoke: Lightning rod     ||     3
  Use: Potion            ||     1
Armor: Plate armour      ||    16
Block: Shield            ||    28

Table legend:
 A = Non-vault XP
 B = Vault XP
 C = Vault XP percentage of total XP
 D = Non-vault monster count
 E = Vault monster count
 F = Vault count percentage of total count
                 A         B        C        D         E       F
            +---------+---------+-------+---------+---------+-------
      Total |       0 |      45 | 100.0 |       0 |       1 | 100.0
            +---------+---------+-------+---------+---------+-------
          D |       0 |      45 | 100.0 |       0 |       1 | 100.0
            +---------+---------+-------+---------+---------+-------
